 Dungeon Crawl Stone Soup version 0.31.0-11-ge490571c62 (webtiles) character file.

Game seed: 8700468721583887621

455 Aldia the Shooter (level 7, -4/54 HPs)
             Began as a Formicid Hunter on Jan 26, 2024.
             Slain by a troll (13 damage)
             ... on level 5 of the Dungeon.
             The game lasted 00:07:07 (4015 turns).

Aldia the Shooter (Formicid Hunter)                 Turns: 4015, Time: 00:07:07

Health: -4/54      AC:  4    Str: 21    XL:     7   Next: 26%
Magic:  7/7        EV: 12    Int:  9    God:
Gold:   143        SH:  0    Dex: 19    Spells: 6/6 levels left

rFire   . . .        a - +0 shortbow (heavy)
rCold   . . .        (no shield)
rNeg    . . .        c - +0 leather armour
rPois   .            (helmet unavailable)
rElec   .            k - scarf {+Inv}
rCorr   .            (no gloves)
SInv    +            j - +0 pair of boots
Will    .....        (no amulet)
Stlth   ++           l - +6 ring of strength
HPRegen 0.29/turn    u - ring of wizardry
MPRegen 0.10/turn

%: wizardry (x1)
@: no status effects
A: permanent stasis, dig shafts and tunnels, antennae 3, four strong arms
a: Dig, Shaft Self, Evoke Invisibility


You were on level 5 of the Dungeon.
You visited 1 branch of the dungeon, and saw 5 of its levels.

You collected 319 gold pieces.
You spent 176 gold pieces at shops.

Inventory:

Hand Weapons
 a - a +0 heavy shortbow (weapon)
Missiles
 s - a throwing net
Armour
 c - a +0 leather armour (worn)
 i - a +0 kite shield
 j - a +0 pair of boots (worn)
 k - a scarf of invisibility (worn)
 m - a +0 chain mail
Jewellery
 l - a +6 ring of strength (left hand)
 r - a ring of ice
 u - a ring of wizardry (right hand)
Wands
 b - a wand of flame (3)
Scrolls
 d - a scroll of poison
 f - 3 scrolls of summoning
Potions
 e - 3 potions of attraction
 g - a potion of brilliance {unknown}
 n - a potion of magic {unknown}
 o - a potion of mutation
 p - 2 potions of curing
 q - a potion of heal wounds
 t - a potion of degeneration {unknown}


   Skills:
 + Level 4.2 Fighting
 * Level 6.2 Ranged Weapons
 - Level 2.5 Dodging
 - Level 3.0 Stealth
 + Level 3.2 Shields


You had 6 spell levels left.
You didn't know any spells.
Your spell library contained the following spells:

 Spells                   Type           Power      Damage    Failure   Level
 Stone Arrow              Conj/Erth      0%         3d7       45%         3
 Animate Armour           Summ/Erth      0%         N/A       86%         4
 Lehudib's Crystal Spear  Conj/Erth      0%         10d2      100%        8


Dungeon Overview and Level Annotations

Branches:
Dungeon (5/15)
 Temple: D:4-7

Altars:
Dithmenos
Hepliaklqana
Sif Muna

Shops:
D:3 !


Innate Abilities, Weirdness & Mutations

You cannot be hasted, slowed, berserked, paralysed or teleported.
You can dig through walls and to a lower floor.
You have a pair of large antennae on your head. (SInv)
Your four strong arms can wield two-handed weapons with a shield.


Message History

You kill the shadow imp!
No target in view!
f - 3 scrolls of summoning (gained 2)
Found a mace.
A bombardier beetle comes into view.
You shoot an arrow.
The arrow completely misses the bombardier beetle.
No target in view!
You shoot an arrow.
The arrow closely misses the bombardier beetle.
You shoot an arrow. The arrow hits the bombardier beetle!
The bombardier beetle is heavily wounded.
You shoot an arrow.
The arrow barely misses the bombardier beetle.
You shoot an arrow. The arrow hits the bombardier beetle!!
You kill the bombardier beetle!
You now have 143 gold pieces (gained 10).
A troll comes into view.
You shoot an arrow. The arrow hits the troll!
The troll shouts!
The troll is moderately wounded.
You shoot an arrow. The arrow closely misses the troll.
The troll bites you! The troll closely misses you. x2
You shoot an arrow. The arrow hits the troll!!
The troll is severely wounded.
The troll bites you!
The troll claws you but does no damage. x2
You shoot an arrow. The arrow barely misses the troll.
The troll barely misses you. The troll misses you. The troll claws you.
The troll bites you. The troll claws you!
* * * LOW HITPOINT WARNING * * *
The troll claws you!
* * * LOW HITPOINT WARNING * * *
Unknown command.
You are too injured to fight recklessly!
Fire: a) +0 shortbow (heavy)
Press: ? - help, Q - select action, (/) - cycle Shift-Dir - straight line, f/p - troll
Aim: a troll (severely wounded, 66% to hit)
You shoot an arrow. The arrow barely misses the troll.
The troll bites you but does no damage. The troll claws you!
You die...

. .#..### ......
#...^# ## #..#.# ##
.# #..#.# ##.#.######
#..#.### #.T@....).#
#.......
.....##..#.##.#
#....### ..#
#..#.##.###.#..#
#...........#..#
#.##.##.#####..#
#####..#.##.#####..#
.......#............#
....................#
#########.#########.#


You could see a troll.

Vanquished Creatures
  2 scorpions (D:4)
  2 bombardier beetles (D:5)
  A hound (D:5)
  2 iguanas
  Terence (D:3)
  8 adders
  A shadow imp (D:5)
  A dart slug (D:2)
  4 ribbon worms
  4 orcs (D:3)
  7 endoplasms
  5 giant cockroaches
  8 hobgoblins
  10 jackals
  3 quokkas
  3 ball pythons
  5 bats
  6 frilled lizards
  4 goblins
  7 kobolds
  4 rats (D:1)
88 creatures vanquished.

Notes
Turn   | Place    | Note
-------+----------+-------------------------------------------
     0 | D:1      | Aldia the Formicid Hunter began the quest for the Orb.
     0 | D:1      | Reached XP level 1. HP: 16/16 MP: 1/1
   199 | D:1      | Reached XP level 2. HP: 23/23 MP: 2/2
   464 | D:1      | Reached XP level 3. HP: 28/28 MP: 3/3
  1076 | D:2      | Reached XP level 4. HP: 34/34 MP: 4/4
  1425 | D:2      | Reached XP level 5. HP: 41/41 MP: 5/5
  2096 | D:3      | Noticed Terence
  2140 | D:3      | Killed Terence
  2141 | D:3      | Reached skill level 5 in Ranged Weapons
  2334 | D:3      | Reached skill level 1 in Shields
  2404 | D:3      | Found a shadowy altar of Dithmenos.
  2404 | D:3      | Noticed a shadow
  2409 | D:3      | Found a hazy altar of Hepliaklqana.
  2612 | D:3      | Found Kacwuywavene's Distillery.
  2620 | D:3      | Bought a potion of mutation for 88 gold pieces
  2620 | D:3      | Bought a potion of curing for 33 gold pieces
  2620 | D:3      | Bought a potion of heal wounds for 55 gold pieces
  3106 | D:4      | Reached XP level 6. HP: 35/47 MP: 6/6
  3232 | D:4      | Found a shimmering blue altar of Sif Muna.
  3831 | D:5      | Entered Level 5 of the Dungeon
  3900 | D:5      | Reached skill level 6 in Ranged Weapons
  3900 | D:5      | Reached XP level 7. HP: 53/54 MP: 7/7
  4010 | D:5      | Noticed a troll
  4015 | D:5      | Slain by a troll

Illustrated notes

Levels and vault maps discovered:
D:1:      shiori_arrival_elements, layout_basic, hangedman_decor_diamond_cutter
D:2:      layout_basic
D:3:      layout_basic, riverfiend_overflow_shadow_ancestor, serial_shops,
          nicolae_shop_temple_entry_statues_fountains, nicolae_titane,
          uniq_terence
D:4:      layout_basic, mainiacjoe_overflow_surrounded_room, serial_bayou,
          serial_bayou_lagoon_b, serial_bayou_pond_d, serial_bayou_pond_d,
          serial_bayou_shore_a
D:5:      layout_loops_ring, minmay_temple_entry_antechambers,
          kennysheep_windowed_goal

Skill      XL: |  1  2  3  4  5  6  7 |
---------------+----------------------+-----
Dodging        | 2 |  2.5
Stealth        | 2 3 |  3.0
Fighting       | 3 4 |  4.2
Ranged Weapons | 5 6 |  6.2
Shields        | 1 2 3 |  3.2

Action                     |  1- 3 |  4- 6 |  7- 9 || total
---------------------------+-------+-------+-------++-------
   Fire: Shortbow          |    66 |   220 |    16 ||   302
Ability: Dig               |     1 |     1 |       ||     2
    Use: Scroll            |     1 |     5 |       ||     6
         Potion            |       |     2 |       ||     2
 Armour: Leather armour    |    15 |    41 |    10 ||    66
  Dodge: Dodged            |    12 |    46 |     5 ||    63
  Block: Kite shield       |       |     8 |       ||     8
